 Dungeon Crawl Stone Soup version 0.27-a0-906-g0a00ce863d (webtiles) character file.

Game seed: 12204252692779162347

308 wakim the Insei (level 6, -4/38 HPs)
             Began as an Octopode Transmuter on Apr 7, 2021.
             Was a Follower of Ashenzari.
             Slain by a black bear (5 damage)
             ... on level 4 of the Dungeon.
             The game lasted 00:11:14 (4832 turns).

wakim the Insei (Octopode Transmuter)               Turns: 4832, Time: 00:11:15

Health: -4/38      AC:  2    Str: 10    XL:     6   Next: 40%
Magic:  7/9        EV: 20    Int: 17    God:    Ashenzari [*.....]
Gold:   192        SH:  0    Dex: 17    Spells: 5/9 levels left

rFire    . . .     SeeInvis .     - Unarmed
rCold    . . .     Faith    .   (shield currently unavailable)
rNeg     . . .     Spirit   .   (helmet currently unavailable)
rPois    x         Reflect  .   (no amulet)
rElec    .         Harm     .   c - ring of flight
rCorr    .         Rampage  .   (no ring)
Will     .....                  (no ring)
Stlth    ++........             (no ring)
HPRegen  0.12/turn              (no ring)
MPRegen  0.11/turn              (no ring)
                                (no ring)
                                (no ring)

@: spider-form, flying
A: venomous fangs, almost no armour, (amphibious), 8 rings, tiny, (camouflage
1), (gelatinous body 1), (nimble swimmer 1), (tentacles)
a: End Transformation, Renounce Religion, Shatter the Chains


You were on level 4 of the Dungeon.
You worshipped Ashenzari.
Ashenzari was aware of your devotion.
You were a venomous arachnid creature.
You visited 1 branch of the dungeon, and saw 4 of its levels.

You collected 192 gold pieces.

Inventory:

Hand Weapons
 b - the cursed +0 trident "Moon of the Sky" (melded) {Cun, Alch}
   (You found it on level 2 of the Dungeon)

   It has a curse which improves the following skills: Cunning: Dodging and
   Stealth.
   Alchemy:   Poison Magic and Transmutations.
Missiles
 a - 15 poisoned darts
Armour
 d - the cursed +2 hat "Share My Shame" (melded) {Will+, Cun, Alch}
   (You acquired it on level 3 of the Dungeon)

   It has a curse which improves the following skills: Cunning: Dodging and
   Stealth.
   Alchemy:   Poison Magic and Transmutations.
 e - a +1 hat
Jewellery
 c - a ring of flight (left front leg)
Scrolls
 T - 3 scrolls of teleportation
 X - 2 scrolls of fog
 Y - a scroll of blinking
Potions
 A - 2 potions of ambrosia
 D - a potion of brilliance
 E - a potion of cancellation
 F - a potion of curing
 I - a potion of invisibility


   Skills:
 - Level 1.0 Fighting
 + Level 3.3 Dodging
 - Level 3.0 Stealth
 * Level 4.9 Unarmed Combat
 - Level 2.0 Spellcasting
 * Level 3.5 Transmutations
 - Level 1.2 Poison Magic


You had 5 spell levels left.
You knew the following spells:

 Your Spells              Type           Power      Damage    Failure   Level
a - Beastly Appendage     Tmut           26%        N/A       13%         1
x - Spider Form           Tmut/Pois      4%         N/A       43%         3

Your spell library contained the following spells:

 Spells                   Type           Power      Damage    Failure   Level
 Wereblood                Tmut           13%        N/A       19%         2
 Animate Skeleton         Necr           2%         N/A       38%         1
 Apportation              Tloc           2%         N/A       38%         1
 Corona                   Hex            1%         N/A       38%         1
 Summon Small Mammal      Summ           4%         N/A       38%         1
 Ice Form                 Ice/Tmut       7%         N/A       85%         4
 Hydra Form               Tmut           6%         N/A       90%         5


Dungeon Overview and Level Annotations

Branches:
Dungeon (4/15)
 Temple: D:4-7

Altars:
Ashenzari

Shops:
D:1 :

Annotations:
D:3 3 runed translucent doors, exclusion: sky beast, wakim's ghost, amateur OpTm
D:4 1 runed translucent door, Lanoc's ghost, novice KoCj


Innate Abilities, Weirdness & Mutations

You are a venomous arachnid creature.
You have poisonous fangs.
You are tiny and dextrous.
Your spellcasting is less reliable in this form.
Your armour is entirely melded.
You are incapable of wielding weapons or throwing items.
You cannot wear most types of armour.
((You are amphibious.))
You can wear up to eight rings at the same time.
((Your skin changes colour to match your surroundings (Stealth+).))
((Your rubbery body absorbs attacks. (AC +1, EV +1)))
((You are camouflaged near water. (Stealth+)))
((You have tentacles for arms and can constrict up to eight enemies at once.))


Message History

You feel sick.
You feel sick.
Your transformation has ended.
The cursed +0 trident "Moon of the Sky" {Cun, Alch} unmelds from your body.
The cursed +2 hat "Share My Shame" {Will+, Cun, Alch} unmelds from your body.
You feel strong-willed.
You feel sick.
You feel sick.
You feel sick.
You feel sick.
You are no longer poisoned.
You now have 192 gold pieces (gained 12).
There is a stone staircase leading down here.
A black bear comes into view.
The black bear growls angrily.
Casting: Spider Form (quite dangerous; 13% risk of failure)
Confirm with . or Enter, or press ? or * to list all spells.
The spell is quite dangerous to cast (13% risk of failure)!
Continue anyway?
You turn into a venomous arachnid creature.
The cursed +0 trident "Moon of the Sky" {Cun, Alch} melds into your body.
The cursed +2 hat "Share My Shame" {Will+, Cun, Alch} melds into your body.
You feel less strong-willed.
You bite the black bear!
The black bear is moderately wounded.
The black bear bites you. The black bear misses you. The black bear claws you.
You hit the black bear but do no damage.
The black bear is poisoned.
The black bear is moderately wounded.
The black bear bites you! The black bear completely misses you.
The black bear closely misses you.
You hit the black bear but do no damage.
The black bear looks as sick as possible!
The black bear is moderately wounded.
The black bear bites you!
* * * LOW HITPOINT WARNING * * *
The black bear barely misses you. The black bear misses you.
The black bear goes berserk!
The black bear bites you!
* * * LOW HITPOINT WARNING * * *
The black bear claws you.
You die...

#####...#########
#................
#.###...###......
#.# #...# .....
#.# #...# .###
#.# #...# # #.#
##### #h# #s# #.#
#.# #.#
#.##########
#.>.........
#)..#########
#.#....#....##
#.####...##..#


You could see a black bear (berserk, very poisoned).

Vanquished Creatures
  2 orc priests (D:4)
  3 iguanas (D:4)
  An orc wizard (D:4)
  2 hound skeletons
  A howler monkey zombie (D:3)
  4 adders
  An adder zombie (D:3)
  2 adder skeletons
  A worm (D:3)
  A dart slug (D:3)
  5 orcs (D:4)
  4 ball pythons
  4 bats
  4 endoplasms
  5 giant cockroaches
  3 goblins
  4 hobgoblins
  3 jackals (D:4)
  A quokka (D:1)
  A frilled lizard (D:3)
  2 kobolds
  4 rats
58 creatures vanquished.

Notes
Turn   | Place    | Note
-------+----------+-------------------------------------------
     0 | D:1      | wakim the Octopode Transmuter began the quest for the Orb.
     0 | D:1      | Reached XP level 1. HP: 13/13 MP: 3/3
    84 | D:1      | Found Zolyitez's Book Boutique.
   188 | D:1      | Found a faded altar of an unknown god.
   196 | D:1      | Became a worshipper of Ashenzari the Shackled
   320 | D:1      | Reached skill level 1 in Stealth
   603 | D:1      | Reached XP level 2. HP: 18/18 MP: 3/5
  1235 | D:2      | Reached XP level 3. HP: 23/23 MP: 4/6
  2063 | D:2      | Learned a level 3 spell: Spider Form
  2353 | D:3      | Reached XP level 4. HP: 28/28 MP: 5/7
  2514 | D:3      | Noticed a steam dragon
  2519 | D:3      | Found a runed translucent gate.
  2519 | D:3      | Found a runed translucent gate.
  2521 | D:3      | Found a runed translucent gate.
  2522 | D:3      | Noticed wakim's ghost (amateur OpTm)
  2856 | D:3      | Identified the cursed +0 trident "Moon of the Sky" {Cun,
                  | Alch} (You found it on level 2 of the Dungeon)
  2881 | D:3      | Noticed a sky beast
  3080 | D:3      | Reached skill level 4 in Unarmed Combat
  3118 | D:3      | Identified a scroll of acquirement
  3126 | D:3      | Acquired a +2 hat of willpower
  3134 | D:3      | Reached * piety under Ashenzari
  3440 | D:4      | Found a runed translucent door.
  3440 | D:4      | Noticed Lanoc's ghost (novice KoCj)
  3485 | D:4      | Reached XP level 5. HP: 24/33 MP: 5/8
  3492 | D:4      | Reached skill level 1 in Poison Magic
  3985 | D:4      | Reached XP level 6. HP: 28/38 MP: 5/9
  4814 | D:4      | Noticed a black bear
  4832 | D:4      | HP: 1/38 [black bear (12)]
  4832 | D:4      | Slain by a black bear

Illustrated notes

Levels and vault maps discovered:
D:1:      dpeg_arrival_boxorama, layout_rooms, ebering_ecumenical_altar_webs,
          serial_shops, nicolae_shop_crystal, chequers_avenue,
          serial_bayou_lagoon_b
D:2:      layout_basic, chequers_serial_rivers_room_a, hangedman_decor_lopped,
          minmay_misc_feat_encased
D:3:      layout_basic, gammafunk_ghost_split, serial_undead, serial_undead_a,
          serial_undead_c, serial_undead_f, serial_undead_c, item_on_display_b
D:4:      minmay_octagon_keep, layout_basic, temple_hall_moat,
          hellmonk_ghost_happy_afterlife, chequers_mini_garden,
          skrybe_limestone_x

Skill      XL: |  1  2  3  4  5 |
---------------+----------------+-----
Stealth        | 1 2 3 |  3.0
Unarmed Combat | 4 |  4.9
Poison Magic   | 1 |  1.2
Dodging        | 3 |  3.3
Transmutations | 3 |  3.5
Fighting       | |  1.0
Spellcasting   | |  2.0

Action                   |  1- 3 |  4- 6 || total
-------------------------+-------+-------++-------
Melee: Unarmed           |    60 |    96 ||   156
       Kick              |    14 |     2 ||    16
       Constrict         |    15 |     9 ||    24
       Tentacles         |     6 |     1 ||     7
       Punch             |     1 |       ||     1
       Trident           |       |    20 ||    20
 Cast: Beastly Appendage |    17 |     1 ||    18
       Spider Form       |       |    13 ||    13
Invok: Curse Item        |       |     2 ||     2
  Use: Scroll            |       |     1 ||     1
 Stab: Sleeping          |     6 |     1 ||     7
Armor: Skin              |     5 |     9 ||    14
Dodge: Dodged            |    33 |    78 ||   111

Table legend: (Time is in decaauts)
 A = Elapsed time spent in this place.
 B = Non-inter-level travel time spent in this place.
 C = Inter-level travel time spent in this place.
 D = Time resting spent in this place.
 E = Time spent auto-exploring this place.
 F = Levels seen in this place.
 G = Mean time per level.
                   A        B        C        D        E       F      G
               +--------+--------+--------+--------+--------+-----+--------+
         Total |   4829 |   4592 |    237 |    716 |   3231 |   4 | 1207.2 |
       Dungeon |   4829 |   4592 |    237 |    716 |   3231 |   4 | 1207.2 |
               +--------+--------+--------+--------+--------+-----+--------+

Top non-repeatable levels by time:
     D:3: 1273 daAuts
     D:4: 1221 daAuts
     D:2: 1219 daAuts
     D:1: 1116 daAuts
